 Dungeon Crawl Stone Soup version 0.18-a0-943-g2c08dd4 (webtiles) character file.

163 Yawgmoth the Firebug (level 5, -1/39 HPs)
             Began as a Mummy Fire Elementalist on Dec 28, 2015.
             Slain by braks's ghost (4 damage)
             ... on level 3 of the Dungeon.
             The game lasted 00:10:53 (2867 turns).

Yawgmoth the Firebug (Mummy Fire Elementalist)      Turns: 2867, Time: 00:10:53

Health: -1/39      AC:  5    Str: 11    XL:     5   Next: 20%
Magic:  1/9        EV: 12    Int: 15    God:
Gold:   73         SH:  0    Dex: 13    Spells: 1 memorised, 9 levels left

rFire  x . .     SeeInvis .     h - +0 hunting sling
rCold  + . .     Gourm    .     a - +0 robe
rNeg   + + +     Faith    .     (no shield)
rPois  ∞         Spirit   .     (no helmet)
rElec  .         Dismiss  .     (no cloak)
rCorr  .         Reflect  .     (no gloves)
SustAt .         Harm     .     (no boots)
MR     .....                    (no amulet)
Stlth  ++........               (no ring)
                                g - +3 ring of protection

@: not resistant to hostile enchantments, unstealthy
A: no food or potions, fire vulnerability, cold resistance 1, negative energy
resistance 3, torment resistance, unbreathing
a: no special abilities


You were on level 3 of the Dungeon.
You were not hungry.

You visited 1 branch of the dungeon, and saw 3 of its levels.

You collected 73 gold pieces.

Inventory:

Hand Weapons
 d - a +0 dagger
 h - a +0 hunting sling (weapon)
 p - a +0 spear
 u - a +0 long sword
Missiles
 i - 71 stones (quivered)
 j - 10 arrows
 k - 23 poisoned arrows
 n - 13 poisoned needles
Armour
 a - a +0 robe (worn)
 r - a +0 plate armour
Jewellery
 g - a +3 ring of protection (left hand)
Wands
 s - a wand of random effects (30/48)
Scrolls
 c - 2 scrolls of enchant weapon {unknown}
 e - a scroll of fear {unknown}
 f - 2 scrolls of identify {unknown}
 l - a scroll of enchant armour {unknown}
 m - a scroll of recharging {unknown}
 o - a scroll of magic mapping {unknown}
 q - a scroll of noise {unknown}
 t - a scroll of remove curse {unknown}
Books
 b - a book of Flames

   Spells                             Type                      Level
   a - Flame Tongue                   Conjuration/Fire             1
   b - Throw Flame                    Conjuration/Fire             2
   c - Conjure Flame                  Conjuration/Fire             3
   d - Inner Flame                    Hexes/Fire                   3
   e - Sticky Flame                   Conjuration/Fire             4
   f - Fireball                       Conjuration/Fire             5


   Skills:
 + Level 2.3 Fighting
 - Level 1.6 Dodging
 - Level 1.5 Stealth
 + Level 3.1 Spellcasting
 + Level 1.8 Conjurations
 + Level 3.2 Fire Magic


You had 9 spell levels left.
You knew the following spells:

 Your Spells              Type           Power        Failure   Level  Hunger
a - Flame Tongue          Conj/Fire      #....        10%         1    N/A

Dungeon Overview and Level Annotations

Branches:
Dungeon (3/15)

Altars:
Ashenzari
Gozag
Xom

Annotations:
D:3 braks's ghost, amateur OgGl


Innate Abilities, Weirdness & Mutations

You do not eat or drink.
Your flesh is vulnerable to fire.
You are immune to poison.
Your flesh is cold resistant.
You are immune to negative energy.
You are immune to unholy pain and torment.
You can survive without breathing.


Message History

Aiming: Flame Tongue
Press: ? - help, Shift-Dir - straight line, f/p - braks's ghost
Aim: braks's ghost (heavily damaged)
The flame tongue misses braks's ghost.
Braks's ghost hits you!
* * * LOW HITPOINT WARNING * * *
Braks's ghost completely misses you.
Casting: Flame Tongue
Confirm with . or Enter, or press ? or * to list all spells.
Aiming: Flame Tongue
Press: ? - help, Shift-Dir - straight line, f/p - braks's ghost
Aim: braks's ghost (heavily damaged)
The flame tongue hits braks's ghost.
Braks's ghost appears unharmed.
Braks's ghost is heavily damaged.
Braks's ghost whispers, "There is no future for you."
Braks's ghost hits you!
* * * LOW HITPOINT WARNING * * *
Unknown command.
Braks's ghost shrieks, "You must not succeed where I failed!"
Braks's ghost hits you.
You die...

#..........
#..........
#######..........
##..........#.....
##.................
#..................
#.........>......[.
#...†..............
#.@................
#.W................
##.................
#..................
#.................!
#..................
#..................
#..................
##.................


You could see braks's ghost.

Vanquished Creatures
  Natasha (thrice) (D:2)
  4 gnolls (D:2)
  An adder (D:3)
  2 worms (D:2)
  2 giant geckos
  3 orcs (D:3)
  A giant cockroach (D:1)
  2 hobgoblins (D:1)
  A ball python (D:1)
  3 bats
  5 giant newts
  6 goblins
  2 kobolds
  4 rats
39 creatures vanquished.

Notes
Turn   | Place    | Note
--------------------------------------------------------------
     0 | D:1      | Yawgmoth the Mummy Fire Elementalist began the quest for the Orb.
     0 | D:1      | Reached XP level 1. HP: 13/13 MP: 3/3
   258 | D:1      | Reached skill level 1 in Conjurations
   660 | D:1      | Reached XP level 2. HP: 15/20 MP: 0/5
   662 | D:1      | Reached skill level 1 in Fighting
  1364 | D:2      | Noticed Natasha
  1371 | D:2      | Killed Natasha
  1371 | D:2      | Reached XP level 3. HP: 26/26 MP: 1/6
  1746 | D:2      | Noticed Natasha
  1754 | D:2      | Killed Natasha
  1754 | D:2      | Reached XP level 4. HP: 18/33 MP: 0/8
  1982 | D:2      | Reached skill level 3 in Fire Magic
  1998 | D:2      | Noticed Natasha
  2005 | D:2      | Killed Natasha
  2387 | D:2      | Found a shimmering altar of Xom.
  2412 | D:2      | Reached XP level 5. HP: 28/38 MP: 3/9
  2745 | D:3      | Found a shattered altar of Ashenzari.
  2747 | D:3      | Found an opulent altar of Gozag.
  2825 | D:3      | Noticed braks's ghost (amateur OgGl)
  2867 | D:3      | Slain by braks's ghost

Vault maps used:
D:1:      co_arrival_two_rings
D:2:      xom_butterflies, first_bread, uniq_natasha
D:3:      nicolae_overflow_hidden_temple

Action                   |  1- 3 |  4- 6 || total
-------------------------+-------+-------++-------
Melee: Dagger            |    15 |       ||    15
 Fire: Hunting sling     |    14 |    21 ||    35
Throw: Throwing net      |       |     4 ||     4
 Cast: Flame Tongue      |    33 |    48 ||    81
Evoke: Wand              |       |     1 ||     1
